Map: Prion Terraces

Players

MorN - Winner!

  • Race: Terran Terran
  • League: Master

crexis

  • Race: Terran Terran
  • League: Master

VOD

Have the link to the VOD?

Description

Time

  • Played on: Dec. 26, 2015, 1:13 a.m.
  • Length: 6:57
Show
View Real Time Build Order
Export as new Build Order

MorN Terran - Winner!

Build Orders: Reaper Expand 

Get SALT Encoding   

  12  0:00  SCV  
  13  0:13  SCV  
  14  0:17  Supply Depot  
  14  0:25  SCV  
  15  0:38  SCV  
  15  0:40  Barracks  
  16  0:43  Refinery  
  16  0:50  SCV  
  17  1:03  SCV  
  18  1:15  SCV  
  19  1:28  Orbital Command  
  19  1:29  Reaper  
  20  1:39  Command Center  
  20  1:46  Supply Depot  
  20  1:55  SCV  
  20  1:59  Refinery  
  20  2:01  Reaper  
  22  2:07  SCV  
  23  2:20  SCV  
  24  2:24  Factory  
  24  2:32  SCV  
  25  2:42  Barracks Reactor  
  25  2:45  SCV  
  26  2:52  Orbital Command  
  26  2:53  Barracks  
  26  2:54  Barracks  
  26  2:57  SCV  
  27  3:09  SCV  
  28  3:18  Engineering Bay x2  
  28  3:22  SCV  
  28  3:26  Hellion  
  28  3:27  Hellion  
  33  3:28  Barracks Tech Lab  
  33  3:34  SCV  
  34  3:42  Barracks Reactor x2  
  34  3:43  Supply Depot, SCV  
  34  3:47  SCV  
  36  3:52  Terran Infantry Weapons Level 1, Terran Infantry Armor Level 1  
  34  4:08  Hellion x2, Stimpack  
  34  4:09  SCV  
  37  4:11  SCV  
  37  4:13  Starport  
  38  4:23  Marine x4  
  40  4:31  Missile Turret  
  40  4:32  Missile Turret  
  40  4:37  Missile Turret  
  40  4:42  Marine x3  
  43  4:48  Supply Depot, Factory Reactor  
  40  5:06  Marine  
  39  5:12  Marine x2, Medivac x2  
  39  5:13  Marine x2  
  47  5:16  SCV  
  47  5:17  SCV  
  49  5:23  Marine  
  49  5:26  Hellion x2  
  54  5:30  Marine x3  
  54  5:33  Supply Depot  
  57  5:36  Supply Depot  
  57  5:41  SCV  
  57  5:42  Marine x2  
  60  5:43  Supply Depot  
  60  5:56  Hellion x2, Marine x3  
  68  5:57  SCV  
  68  6:01  SCV  
  69  6:06  Armory, Marine  
  69  6:09  SCV, Medivac  
  73  6:12  Medivac  
  75  6:19  Hellion x2  
  75  6:25  Marine x3  
  82  6:26  SCV  
Show
View Real Time Build Order
Export as new Build Order

crexis Terran 

Build Orders: 1/1/1, Banshee Rush 

Get SALT Encoding   

  12  0:00  SCV  
  13  0:12  SCV  
  14  0:17  Supply Depot  
  14  0:24  SCV  
  15  0:31  Refinery  
  15  0:39  SCV  
  16  0:44  Barracks  
  16  0:51  SCV  
  17  0:58  Refinery  
  17  1:03  SCV  
  18  1:15  SCV  
  19  1:32  Orbital Command  
  19  1:33  Factory  
  19  1:38  Reaper  
  20  1:45  Supply Depot  
  20  1:58  SCV  
  21  2:10  SCV, Reaper  
  23  2:18  Hellion, Starport  
  23  2:22  SCV  
  26  2:26  Supply Depot  
  26  2:42  Hellion, Reaper  
  28  2:46  SCV  
  29  2:59  SCV  
  29  3:04  Hellion, Starport Tech Lab  
  32  3:11  SCV  
  33  3:16  Reaper  
  33  3:17  Supply Depot  
  34  3:22  Cloaking Field  
  34  3:23  Banshee  
  37  3:29  Factory Tech Lab  
  37  3:31  SCV  
  38  3:48  Cyclone  
  41  3:50  Command Center  
  34  4:10  SCV  
  34  4:15  Barracks  
  34  4:16  Barracks  
  34  4:23  Raven  
  35  4:28  SCV  
  35  4:30  Barracks Tech Lab  
  38  4:39  Supply Depot  
  38  4:40  SCV  
  37  4:50  Stimpack  
  34  5:06  SCV  
  35  5:07  Orbital Command  
  35  5:09  Banshee  
  35  5:10  Command Center  
  35  5:14  Marine  
  35  5:15  Marine  
  35  5:18  SCV  
  38  5:23  Marine  
  39  5:31  SCV  
  39  5:35  Barracks Reactor  
  41  5:36  Barracks Tech Lab  
  41  5:37  SCV  
  41  5:40  Marine  
  41  5:41  Siege Tank  
  45  5:43  SCV  
  47  5:50  SCV  
  47  5:52  Engineering Bay  
  47  5:53  Engineering Bay  
  47  5:55  SCV, Marine  
  49  5:58  Marine  
  49  6:02  SCV  
  51  6:07  SCV  
  52  6:12  Refinery, Marine x2  
  52  6:13  Refinery  
  52  6:14  SCV  
  52  6:15  Starport Reactor, Marine  
  56  6:20  Marine  
  57  6:29  SCV  
  57  6:30  Marine, Orbital Command  
  59  6:34  Marauder, Marine  
Tags
 
Add a new tag
Caveats
  • Supply blocks, unpowered buildings, or Contaminate may cause inaccurate times.
  • Supply counts are checked every 10 seconds.